 Dungeon Crawl Stone Soup version 0.29-a0-330-g52719c12eb (webtiles) character file.

Game seed: 1318394842510534951

340 Crownlay the Firebug (level 6, 0/44 HPs)
             Began as a Gnoll Fire Elementalist on May 3, 2022.
             Slain by Edmund
             ... wielding a +0 dire flail of protection
              (2 damage)
             ... on level 4 of the Dungeon.
             The game lasted 00:05:55 (4517 turns).

Crownlay the Firebug (Gnoll Fire Elementalist)      Turns: 4517, Time: 00:05:55

Health: 0/44       AC:  2    Str:  8    XL:     6   Next: 56%
Magic:  0/14       EV: 13    Int: 22    God:
Gold:   114        SH:  0    Dex: 12    Spells: 8/15 levels left

rFire   . . .      SeeInvis .     - Unarmed
rCold   . . .      Faith    .   (no shield)
rNeg    . . .      Spirit   .   a - +0 robe
rPois   .          Reflect  .   (no helmet)
rElec   .          Harm     .   (no cloak)
rCorr   .          Rampage  .   (no gloves)
Will    .....                   (no boots)
Stlth   +++.......              (no amulet)
HPRegen 0.14/turn               m - +6 ring of intelligence
MPRegen 0.14/turn               (no ring)

@: no status effects
A: fangs 1, strong nose, distributed training
a: no special abilities


You were on level 4 of the Dungeon.
You visited 1 branch of the dungeon, and saw 4 of its levels.

You collected 209 gold pieces.
You spent 95 gold pieces at shops.

Inventory:

Armour
 a - a +0 robe (worn)
Jewellery
 m - a +6 ring of intelligence (left hand)
Scrolls
 f - a scroll of silence
 i - a scroll of torment {unknown}
 j - 2 scrolls of teleportation
 l - 2 scrolls of magic mapping
 n - a scroll of blinking
 o - a scroll of enchant armour {unknown}
 p - a scroll of fog {unknown}
Potions
 b - 2 potions of magic
 c - 2 potions of mutation
 d - a potion of lignification {unknown}
 e - a potion of flight {unknown}
 g - a potion of brilliance {unknown}
 h - 4 potions of curing {unknown}
 k - 3 potions of heal wounds


   Skills:
 + Level 2.0 Fighting
 + Level 2.0 Short Blades
 + Level 2.0 Long Blades
 + Level 2.0 Axes
 + Level 2.0 Maces & Flails
 + Level 2.0 Polearms
 + Level 2.0 Staves
 + Level 2.0 Slings
 + Level 2.0 Bows
 + Level 2.0 Crossbows
 + Level 2.0 Throwing
 + Level 2.0 Armour
 + Level 5.0 Dodging
 + Level 4.6 Stealth
 + Level 2.0 Shields
 + Level 2.0 Unarmed Combat
 + Level 5.4 Spellcasting
 + Level 2.6 Conjurations
 + Level 1.6 Hexes
 + Level 1.6 Summonings
 + Level 1.6 Necromancy
 + Level 1.6 Translocations
 + Level 1.6 Transmutations
 + Level 5.7 Fire Magic
 + Level 1.6 Ice Magic
 + Level 1.6 Air Magic
 + Level 1.6 Earth Magic
 + Level 1.6 Poison Magic
 + Level 2.2 Invocations
 + Level 2.0 Evocations


You had 8 spell levels left.
You knew the following spells:

 Your Spells              Type           Power      Damage    Failure   Level
a - Foxfire               Conj/Fire      96%        2x1d8     1%          1
b - Scorch                Fire           62%        2d8       1%          2
c - Flame Wave            Conj/Fire      24%        2d7       17%         4

Your spell library contained the following spells:

 Spells                   Type           Power      Damage    Failure   Level
 Conjure Flame            Conj/Fire      24%        6-21      5%          3
 Static Discharge         Conj/Air       15%        N/A       6%          2
 Inner Flame              Hex/Fire       22%        N/A       6%          3
 Lightning Bolt           Conj/Air       7%         1d20      73%         5
 Maxwell's Capacitive Co  Air            6%         ∞         100%        8


Dungeon Overview and Level Annotations

Branches:
Dungeon (4/15)
 Temple: D:4-7

Altars:

Shops:
D:3 =(*:   D:4 =

Annotations:
D:4 Edmund


Innate Abilities, Weirdness & Mutations

You have very sharp teeth.
Your uncanny sense of smell can sniff out nearby items.
Your experience applies equally to all skills.


Message History

Flames lash Edmund.
Edmund is burned terribly!
Edmund is severely wounded.
Edmund hits you with a +0 dire flail of protection!
You conjure some foxfire!
Edmund hits you with a +0 dire flail of protection!
Casting: Foxfire (safe; 1% risk of failure)
Confirm with . or Enter, or press ? or * to list all spells.
Flames lash Edmund but do no damage.
The foxfire hits Edmund but does no damage.
Edmund is severely wounded.
Edmund closely misses you.
Your foxfire dissipates!
Casting: Scorch (safe; 1% risk of failure)
Confirm with . or Enter, or press ? or * to list all spells.
Flames lash Edmund.
Edmund is burned terribly!
Edmund is almost dead.
Edmund misses you.
Casting: Scorch (safe; 1% risk of failure)
Confirm with . or Enter, or press ? or * to list all spells.
Okay, then.
Casting: Scorch (safe; 1% risk of failure)
Confirm with . or Enter, or press ? or * to list all spells.
You conjure some foxfire!
Edmund completely misses you.
You hit Edmund but do no damage.
Edmund is almost dead.
The foxfire hits Edmund but does no damage.
Edmund is almost dead.
The foxfire hits Edmund.
Edmund is burned terribly!
Edmund is almost dead.
Edmund hits you with a +0 dire flail of protection!
* * * LOW HITPOINT WARNING * * *
Casting: Foxfire (safe; 1% risk of failure)
Confirm with . or Enter, or press ? or * to list all spells.
You conjure some foxfire!
Edmund whines, "My parents never had time for me!"
Edmund misses you.
Your foxfire dissipates!
Edmund attacks as you move away!
Edmund hits you with a +0 dire flail of protection.
You die...

##........# #..##
#........# #...####
..............#..#..
#......##...####.∩..
#.##..# #....# #....
##.##.# ##....##.##.
##...####.......##.
#@#...#..#....##.#
#@v.....#####....#
##§......# #...##
##..##..# ##..#
#..###.#####..#
#######..##........#
##...##....#........##
#....................#
########.......####....
#.# ##..#...# #..##


You could see Edmund (combustible, ally target).

Vanquished Creatures
  A necrophage (D:4)
  A gnoll sergeant (D:4)
  A hound (D:4)
  3 adders (D:4)
  9 gnolls
  A shadow imp (D:4)
  An ufetubus (D:4)
  3 worms
  4 endoplasms
  7 giant cockroaches
  2 goblins
  3 hobgoblins (D:4)
  2 jackals (D:4)
  4 kobolds
  6 quokkas
  4 ball pythons
  2 bats
  A frilled lizard (D:1)
  3 rats
58 creatures vanquished.

Vanquished Creatures (others)
  327 foxfires
327 creatures vanquished.

Grand Total: 385 creatures vanquished

Notes
Turn   | Place    | Note
-------+----------+-------------------------------------------
     0 | D:1      | Crownlay the Gnoll Fire Elementalist began the quest for
                  | the Orb.
     0 | D:1      | Reached XP level 1. HP: 13/13 MP: 6/6
   436 | D:1      | Reached XP level 2. HP: 19/19 MP: 4/7
  1225 | D:2      | Learned a level 2 spell: Scorch
  1396 | D:2      | Reached XP level 3. HP: 23/25 MP: 3/9
  1398 | D:2      | Reached skill level 5 in Spellcasting
  1944 | D:2      | Found a faded altar of an unknown god.
  2217 | D:3      | Reached skill level 1 in Invocations
  2227 | D:2      | Reached skill level 1 in Fighting
  2227 | D:2      | Reached skill level 1 in Short Blades
  2227 | D:2      | Reached skill level 1 in Long Blades
  2227 | D:2      | Reached skill level 1 in Axes
  2227 | D:2      | Reached skill level 1 in Maces & Flails
  2227 | D:2      | Reached skill level 1 in Polearms
  2227 | D:2      | Reached skill level 1 in Staves
  2227 | D:2      | Reached skill level 1 in Slings
  2227 | D:2      | Reached skill level 1 in Bows
  2227 | D:2      | Reached skill level 1 in Crossbows
  2227 | D:2      | Reached skill level 1 in Throwing
  2227 | D:2      | Reached skill level 1 in Armour
  2227 | D:2      | Reached skill level 1 in Shields
  2227 | D:2      | Reached skill level 1 in Unarmed Combat
  2227 | D:2      | Reached skill level 1 in Evocations
  2404 | D:3      | Found Utsuzuz's Book Shoppe.
  2420 | D:3      | Reached XP level 4. HP: 32/32 MP: 7/11
  2542 | D:3      | Found Deco Sios's Antique Weapon Emporium.
  2609 | D:3      | Found Guvewkoakh's Jewellery Shoppe.
  2702 | D:3      | Found Edioff's General Store.
  2709 | D:3      | Bought a scroll of blinking for 75 gold pieces
  2709 | D:3      | Bought a scroll of identify for 20 gold pieces
  2947 | D:4      | Noticed a necrophage
  2950 | D:4      | Reached skill level 1 in Hexes
  2950 | D:4      | Reached skill level 1 in Summonings
  2950 | D:4      | Reached skill level 1 in Necromancy
  2950 | D:4      | Reached skill level 1 in Translocations
  2950 | D:4      | Reached skill level 1 in Transmutations
  2950 | D:4      | Reached skill level 1 in Ice Magic
  2950 | D:4      | Reached skill level 1 in Air Magic
  2950 | D:4      | Reached skill level 1 in Earth Magic
  2950 | D:4      | Reached skill level 1 in Poison Magic
  2952 | D:4      | Killed a necrophage
  2953 | D:4      | Reached XP level 5. HP: 37/37 MP: 6/12
  3106 | D:4      | Learned a level 4 spell: Flame Wave
  3661 | D:4      | Reached XP level 6. HP: 44/44 MP: 7/13
  3688 | D:4      | Reached skill level 5 in Dodging
  4450 | D:4      | Found Lufyit's Jewellery Boutique.
  4500 | D:4      | Noticed Edmund
  4515 | D:4      | HP: 2/44 [Edmund/+0 dire flail of protection (17)]
  4517 | D:4      | Slain by Edmund

Illustrated notes

Levels and vault maps discovered:
D:1:      minmay_arrival_wavy_path, layout_loops_ring
D:2:      layout_loops_ring, nicolae_ecumenical_lake_church
D:3:      layout_rooms, serial_shops, nicolae_shop_hallway_stairs,
          nicolae_shop_temple_entry_statues_fountains, shop,
          nicolae_shop_window_shopping
D:4:      layout_layer_cave, grunt_ministairs_7,
          minmay_shop_enchanted_jewellery, uniq_edmund

Skill      XL: |  1  2  3  4  5  6 |
---------------+-------------------+-----
Conjurations   | 2 |  2.6
Spellcasting   | 5 |  5.4
Invocations    | 1 2 |  2.2
Fighting       | 1 2 |  2.0
Short Blades   | 1 2 |  2.0
Long Blades    | 1 2 |  2.0
Axes           | 1 2 |  2.0
Maces & Flails | 1 2 |  2.0
Polearms       | 1 2 |  2.0
Staves         | 1 2 |  2.0
Slings         | 1 2 |  2.0
Bows           | 1 2 |  2.0
Crossbows      | 1 2 |  2.0
Throwing       | 1 2 |  2.0
Armour         | 1 2 |  2.0
Shields        | 1 2 |  2.0
Unarmed Combat | 1 2 |  2.0
Evocations     | 1 2 |  2.0
Hexes          | 1 |  1.6
Summonings     | 1 |  1.6
Necromancy     | 1 |  1.6
Translocations | 1 |  1.6
Transmutations | 1 |  1.6
Ice Magic      | 1 |  1.6
Air Magic      | 1 |  1.6
Earth Magic    | 1 |  1.6
Poison Magic   | 1 |  1.6
Dodging        | 5 |  5.0
Stealth        | |  4.6
Fire Magic     | |  5.7

Action                   |  1- 3 |  4- 6 || total
-------------------------+-------+-------++-------
Melee: Unarmed           |    18 |     1 ||    19
       Bite              |     5 |       ||     5
 Cast: Foxfire           |   106 |    97 ||   203
       Scorch            |     1 |    10 ||    11
  Use: Scroll            |       |     5 ||     5
Armor: Robe              |     1 |     2 ||     3
Dodge: Dodged            |    12 |    18 ||    30

Table legend: (Time is in decaauts)
 A = Elapsed time spent in this place.
 B = Non-inter-level travel time spent in this place.
 C = Inter-level travel time spent in this place.
 D = Time resting spent in this place.
 E = Time spent auto-exploring this place.
 F = Levels seen in this place.
 G = Mean time per level.
                   A        B        C        D        E       F      G
               +--------+--------+--------+--------+--------+-----+--------+
         Total |   4517 |   4378 |    139 |     74 |   3792 |   4 | 1129.2 |
       Dungeon |   4517 |   4378 |    139 |     74 |   3792 |   4 | 1129.2 |
               +--------+--------+--------+--------+--------+-----+--------+

Top non-repeatable levels by time:
     D:4: 1415 daAuts
     D:2: 1345 daAuts
     D:1: 999 daAuts
     D:3: 758 daAuts
